 Dungeon Crawl Stone Soup version 0.21-a0-538-gd16b88a (webtiles) character file.

277 kae the Digger (level 6, 0/35 HPs)
             Began as a Gargoyle Earth Elementalist on Dec 15, 2017.
             Was an Initiate of Sif Muna.
             Slain by an orc warrior
             ... wielding a +0 battleaxe
              (2 damage)
             ... on level 4 of the Dungeon.
             The game lasted 00:05:04 (4787 turns).

kae the Digger (Gargoyle Earth Elementalist)        Turns: 4787, Time: 00:05:05

Health: 0/35       AC:  6    Str: 12    XL:     6   Next: 26%
Magic:  4/10       EV: 13    Int: 17    God:    Sif Muna [......]
Gold:   213        SH:  0    Dex: 15    Spells: 7/11 levels left

rFire    . . .     SeeInvis .   p - +3 spear (vamp)
rCold    . . .     Gourm    .   (no shield)
rNeg     + . .     Faith    .   c - +0 robe
rPois    ∞         Spirit   .   (no helmet)
rElec    +         Reflect  .   (no cloak)
rCorr    .         Harm     .   (no gloves)
MR       .....                  (no boots)
Stlth    ++........             (no amulet)
HPRegen  0.11/turn              v - +5 ring of dexterity
MPRegen  0.12/turn              (no ring)

@: very slightly contaminated
A: negative energy resistance 1, electricity resistance, unbreathing,
petrification resistance, rot immunity, AC +4
a: Renounce Religion


You were on level 4 of the Dungeon.
You worshipped Sif Muna.
Sif Muna was noncommittal.
You were hungry.

You visited 1 branch of the dungeon, and saw 4 of its levels.

You collected 213 gold pieces.

Inventory:

Hand Weapons
 f - a +0 dagger of distortion
 g - a +0 club
 p - a +3 vampiric spear (weapon)
 r - a +1 vampiric whip
Missiles
 b - 140 stones (quivered)
Armour
 c - a +0 robe (worn)
Jewellery
 v - a +5 ring of dexterity (left hand)
Wands
 a - a wand of polymorph (5)
 k - a wand of scattershot (5)
Scrolls
 l - a scroll of identify
Potions
 h - a potion of brilliance
 i - a potion of resistance
 j - a potion of curing
 m - 2 potions of might
 o - a potion of mutation
 t - a potion of lignification {unknown}
Books
 e - a book of Geomancy

   Spells                             Type                      Level
   a - Sandblast                      Earth                        1
   b - Passwall                       Transmutation/Earth          2
   c - Stone Arrow                    Conjuration/Earth            3
   d - Petrify                        Transmutation/Earth          4
   e - Lee's Rapid Deconstruction     Earth                        5
Comestibles
 d - 3 bread rations


   Skills:
 + Level 1.6 Fighting
 + Level 2.2 Dodging
 - Level 3.4 Stealth
 + Level 3.3 Spellcasting
 + Level 2.3 Conjurations
   Level 0.7 Transmutations
 + Level 5.1 Earth Magic


You had 7 spell levels left.
You knew the following spells:

 Your Spells              Type           Power        Failure   Level  Hunger
a - Sandblast             Erth           ###...       1%          1    None
b - Stone Arrow           Conj/Erth      ###...       11%         3    ###....


Dungeon Overview and Level Annotations

Branches:
Dungeon (4/15)
 Temple: D:4-7

Altars:
Elyvilon
Kikubaaqudgha
Qazlal
Sif Muna
Xom
Yredelemnul


Innate Abilities, Weirdness & Mutations

You are resistant to torment.
Your stone body is resilient. (AC +4)
You are immune to poison.
You resist negative energy. (rN+)
You are resistant to electric shocks. (rElec)
You can survive without breathing.
You are immune to petrification.
You are immune to rotting.


Message History

Confirm with . or Enter, or press ? or * to list all spells.
Aiming: Sandblast
Press: ? - help, Shift-Dir - straight line, f/p - orc warrior
Aim: an orc warrior, wielding a battleaxe and wearing a chain mail (lightly wounded)
You miscast Sandblast.
You are very lightly contaminated with residual magic.
Nothing appears to happen.
Something hits you but does no damage.
You feel better. Something hits you but does no damage.
The orc warrior hits you with a battleaxe!
* * * LOW HITPOINT WARNING * * *
Casting: Sandblast
Confirm with . or Enter, or press ? or * to list all spells.
Aiming: Sandblast
Press: ? - help, Shift-Dir - straight line, f/p - orc warrior
Aim: an orc warrior, wielding a battleaxe and wearing a chain mail (lightly wounded)
The blast of sand misses the orc warrior.
b - 140 stones Something hits you but does no damage.
The orc warrior hits you with a battleaxe.
You die...

#..........#.....#.######.....#
#...#####....._....# ##...##
#.....# #.##.....### #####.####
#...#.###.##§....#****#.........
#........)####.###*,............
#####.##### ##...##,##.....###..
####.# ##.....#.###.####....
#....## ##...[....#!##*,#..#..
###.>.(.####....@o...#..*##..##..
...........'.....).......(o..*#..
####....####<........#.$..#.**#..
#.#.## ##........#,o8*(.#,#.. ##
#.### ##.......#*.,8##.##..
.###.# ##...#..#**#$,,#.#..
..##.# ##+##..# *,,*##)#.. ...#.#
#.###.# **,##.##.. .....#
########.# #.######.###..


You could see an orc warrior.

Vanquished Creatures
  A howler monkey (D:2)
  A crimson imp (D:3)
  2 orc wizards
  A bullfrog skeleton (D:4)
  An orc priest (D:4)
  2 adders (D:2)
  A worm (D:2)
  A dart slug (D:1)
  10 orcs
  2 giant cockroaches (D:3)
  2 goblins
  7 hobgoblins
  11 jackals
  4 kobolds
  2 quokkas
  A ball python (D:2)
  4 bats
  2 frilled lizards
  4 rats
59 creatures vanquished.

Vanquished Creatures (others)
  5 dream sheep (D:3)
5 creatures vanquished.

Grand Total: 64 creatures vanquished

Notes
Turn   | Place    | Note
-------+----------+-------------------------------------------
     0 | D:1      | kae the Gargoyle Earth Elementalist began the quest for the Orb.
     0 | D:1      | Reached XP level 1. HP: 10/10 MP: 3/3
   397 | D:1      | Reached XP level 2. HP: 10/15 MP: 3/5
   876 | D:1      | Reached skill level 4 in Earth Magic
  1449 | D:2      | Reached XP level 3. HP: 14/19 MP: 6/6
  1526 | D:2      | Learned a level 3 spell: Stone Arrow
  1961 | D:2      | Reached skill level 1 in Conjurations
  1961 | D:2      | Reached XP level 4. HP: 6/24 MP: 5/8
  2220 | D:2      | Found a white marble altar of Elyvilon.
  2272 | D:2      | Found a basalt altar of Yredelemnul.
  2772 | D:3      | HP: 1/24 [orc wizard/puff of frost (6)]
  2773 | D:3      | Reached XP level 5. HP: 1/28 MP: 4/9
  3407 | D:3      | Reached skill level 1 in Fighting
  3520 | D:3      | Found a shimmering altar of Xom.
  3520 | D:3      | Noticed a dream sheep
  3520 | D:3      | Noticed a dream sheep
  3520 | D:3      | Noticed a dream sheep
  3520 | D:3      | Noticed a dream sheep
  3520 | D:3      | Noticed a dream sheep
  3525 | D:3      | Killed a dream sheep
  3525 | D:3      | Killed a dream sheep
  3525 | D:3      | Killed a dream sheep
  3525 | D:3      | Killed a dream sheep
  3526 | D:3      | Killed a dream sheep
  3595 | D:3      | Found a deep blue altar of Sif Muna.
  3900 | D:3      | Became a worshipper of Sif Muna the Loreminder
  4070 | D:4      | Reached skill level 5 in Earth Magic
  4071 | D:4      | Reached XP level 6. HP: 10/34 MP: 6/10
  4328 | D:4      | Found a stormy altar of Qazlal.
  4363 | D:4      | Noticed an orc warrior
  4741 | D:4      | Found an ancient bone altar of Kikubaaqudgha.
  4787 | D:4      | Slain by an orc warrior

Vault maps used:
D:1:      roderic_dead_forest, serial_forest, infiniplex_forest_straight_5,
          infiniplex_forest_clump_cross, infiniplex_forest_clump_medium,
          infiniplex_forest_corner_1, infiniplex_forest_fountain,
          infiniplex_forest_straight_2, infiniplex_forest_end_2,
          infiniplex_forest_clump_double, infiniplex_forest_split,
          hangedman_feature_mirror, grunt_decor_mini_mirrors
D:2:      kennysheep_ying_yang, first_bread
D:3:      led_sif_pool, kb_xom_exploding_sheep
D:4:      lemuel_round_altar, grunt_qazlal_clouds, guppyfry_early_orc_mine

Skill      XL: |  1  2  3  4  5 |
---------------+----------------+-----
Earth Magic    | 4 5 |  5.1
Stealth        | 3 |  3.4
Conjurations   | 1 2 |  2.3
Spellcasting   | 3 |  3.3
Fighting       | 1 |  1.6
Dodging        | 2 |  2.2
Transmutations | |  0.7

Action                   |  1- 3 |  4- 6 || total
-------------------------+-------+-------++-------
Melee: Unarmed           |    27 |       ||    27
       Club              |    79 |       ||    79
       Spear             |    15 |   138 ||   153
 Cast: Sandblast         |     9 |    15 ||    24
  Use: Scroll            |     5 |     7 ||    12
       Potion            |       |     1 ||     1
 Stab: Sleeping          |     4 |     9 ||    13
  Eat: Chunk             |     4 |     8 ||    12
       Bread ration      |     1 |       ||     1
Armor: Robe              |    62 |    45 ||   107
Dodge: Dodged            |    99 |    67 ||   166

Table legend:
 A = Spawn XP
 B = Non-spawn XP
 C = Spawn XP percentage of total XP
 D = Spawn monster count
 E = Non-spawn monster count
 F = Spawn count percentage of total count
 G = Total turns spent on level
                    A         B        C        D         E        F      G
               +---------+---------+-------+---------+---------+-------+---------
         Total |       0 |     397 |   0.0 |       0 |      59 |   0.0 |  4787
               +---------+---------+-------+---------+---------+-------+---------
           D:1 |       0 |      25 |   0.0 |       0 |      14 |   0.0 |  1411
           D:2 |       0 |     110 |   0.0 |       0 |      18 |   0.0 |  1277
           D:3 |       0 |     127 |   0.0 |       0 |      19 |   0.0 |  1234
           D:4 |       0 |     135 |   0.0 |       0 |       8 |   0.0 |   865
               +---------+---------+-------+---------+---------+-------+---------
